[Event "Romanian Rapid Open 2022"]
[Site "Sebes"]
[Date "2022.12.02"]
[Round "2.7"]
[White "Baratosi, Daniel"]
[Black "Lupulescu, Adrian-Calin"]
[Result "1-0"]
[ECO "B02"]
[WhiteElo "2335"]
[BlackElo "1930"]
[Annotator "TA"]
[PlyCount "44"]
[EventDate "2022.12.02"]
[EventType "rapid"]
[EventCountry "ROU"]
[SourceTitle "playchess.com"]
[Source "ChessBase"]
[SourceQuality "1"]
[TimeControl "600+5"]

1. e4 Nf6 2. e5 Nd5 3. Nc3 e6 4. d4 d6 5. f4 Be7 6. Nf3 {[%emt 0:00:04] B02: Alekhine's Defence: Chase Variation and lines with early Nc3.} O-O 7. Bd3 Nxc3 8. bxc3 {[%emt 0:00:02] [#] White has an edge.} b6 $146 ({Predecessor:} 8... f5 9. exf6 Bxf6 10. Qe2 Re8 11. h4 e5 12. fxe5 dxe5 13. dxe5 Nc6 14. Bf4 Bg4 {1-0 (25) Vlassov,N (2294)-Towers,N (1858) Chess.com INT 2022}) 9. h4 {[%emt 0:01:06][%cal Od3h7] [#] Hoping for Bxh7+!} f5 ({Black should try} 9... Qe8 $14) 10. exf6 $16 Rxf6 11. Qe2 {[%emt 0:01:33] Strongly threatening Qe4. White is more active.} Bb7 {[%emt 0:00:36] Prevents Qe4.} (11... d5 $16) 12. Ng5 $18 h6 13. Nxe6 Qd7 14. f5 Bd5 15. Nf4 Bf7 16. O-O Nc6 17. Qg4 Rf8 18. Bd2 Kh8 19. Rae1 g6 $2 {[%emt 0:00:03] [#]} (19... d5 20. Qh3 Na5) 20. Ne6 {[%emt 0:00:52] White is clearly winning.} Bxe6 21. fxe6 Qe8 22. Bxh6 Qd8 {[%emt 0:00:24] Black got outplayed after the opening.   Weighted Error Value: White=0.18 (very precise) /Black=0.53} 1-0

[Event "Romanian Rapid Open 2022"]
[Site "Sebes"]
[Date "2022.12.02"]
[Round "2.8"]
[White "Balaban-Voia, Alexandru"]
[Black "Nevednichy, Vladislav"]
[Result "0-1"]
[ECO "A49"]
[WhiteElo "1994"]
[BlackElo "2499"]
[Annotator "TA"]
[PlyCount "116"]
[EventDate "2022.12.02"]
[EventType "rapid"]
[EventCountry "ROU"]
[SourceTitle "playchess.com"]
[Source "ChessBase"]
[SourceQuality "1"]
[TimeControl "600+5"]

1. Nf3 g6 2. g3 Bg7 3. Bg2 d6 4. d4 Nf6 5. O-O O-O 6. b3 c5 7. Bb2 cxd4 8. Nxd4 d5 9. Nf3 Nc6 {[%emt 0:00:08] A49: 1 d4 Nf6 2 Nf3 g6 3 g3: Anti-King's Indian systems.} 10. Nbd2 Bf5 11. Nh4 Be6 {[%emt 0:00:06] [#] Black has an edge.} 12. c4 $146 ({Predecessor:} 12. Nhf3 h6 13. e3 Rc8 14. Rc1 Qa5 15. a3 Rfd8 16. b4 Qa6 17. Nb3 Qb6 18. Nfd4 {0-1 (38) Tapia Ostolaza,A (2226)-Slizhevsky,A (2426) Chess.com INT 2020}) 12... Rc8 13. cxd5 Bxd5 14. e4 Be6 15. Qe2 Nd4 (15... Nb4 $5 16. Nc4 Qd3 $15) 16. Bxd4 Qxd4 17. Nhf3 Qb4 18. Rac1 Nd7 (18... Bh6 $5 ) 19. Ng5 Nc5 20. Nxe6 (20. Rfd1 {is more complex.} Bd7 21. e5 Bf5 22. Nf1) 20... Nxe6 21. Nf3 Qa3 22. Rc2 Rc5 23. Rxc5 Qxc5 24. Bh3 Nd4 25. Nxd4 Bxd4 26. Qc4 Qxc4 27. bxc4 $15 {[%emt 0:00:01][%mdl 4096] Endgame KRB-KRB} Rd8 28. Re1 Bc5 {[%emt 0:00:02] aiming for ...Rd2.} 29. Re2 {[%emt 0:00:02] Prevents Rd2.} Rd4 30. Bc8 b6 ({Reject} 30... Rxc4 $6 31. Bxb7 g5 32. Ba6 $11) 31. Ba6 g5 32. Kg2 g4 33. h3 h5 34. hxg4 hxg4 35. Bc8 e6 ({Much worse is} 35... Rxc4 $6 36. Bxg4 Kf8 37. Bd7 $11) 36. Ba6 Kg7 37. f3 {[%emt 0:00:08] [#]} gxf3+ $1 38. Kxf3 Kf6 39. Kf4 Bd6+ 40. Kf3 Ke5 41. Bb5 Bc5 42. a4 Rd3+ 43. Kg2 Rc3 44. Ba6 Bd6 45. Bb5 f6 46. Rf2 Bc5 ({Not} 46... Kxe4 47. Rxf6 Rxg3+ 48. Kf2 $15) 47. Rf4 Be3 {[%emt 0:00:06] Black is more active.} 48. Rh4 a5 49. Ba6 Bg5 50. Rh7 Kxe4 51. Rb7 (51. Re7 $17) 51... Be3 52. Rf7 Ke5 53. Bb5 Bc5 54. Rh7 Rd3 55. Rh8 f5 56. Re8 $2 (56. Rh2) 56... Kf6 $19 57. Rh8 Rd2+ 58. Kf3 $2 {[%emt 0:00:04] [#]} (58. Kh1 $19) 58... Rf2# {[%emt 0:00:02] Weighted Error Value: White=0.30/Black=0.08 (flawless)} 0-1

[Event "Romanian Rapid Open 2022"]
[Site "Sebes"]
[Date "2022.12.02"]
[Round "2.9"]
[White "Berescu, Alin-Mile"]
[Black "Arandjelovic, Aleksandar Z"]
[Result "1/2-1/2"]
[ECO "B23"]
[WhiteElo "2429"]
[BlackElo "1899"]
[Annotator "TA"]
[PlyCount "74"]
[EventDate "2022.12.02"]
[EventType "rapid"]
[EventCountry "ROU"]
[SourceTitle "playchess.com"]
[Source "ChessBase"]
[SourceQuality "1"]
[TimeControl "600+5"]

1. e4 c5 2. Nc3 Nc6 3. f4 g6 4. Nf3 Bg7 5. Bb5 Nd4 6. O-O a6 7. Bd3 d6 8. Nxd4 cxd4 9. Ne2 Nf6 10. Qe1 {[%emt 0:00:46] B23: Closed Sicilian: Lines without g3.} O-O 11. Kh1 (11. c3 $11 {keeps the balance.}) 11... Nd7 {[%emt 0:00:27] [#]} ({Better is} 11... e5 $17) 12. Bc4 $146 {[%emt 0:01:01] Black is slightly better.} ({Predecessor:} 12. Qf2 e5 13. f5 Nc5 14. g4 Nxd3 15. cxd3 Bf6 16. b3 Bd7 17. a4 b5 18. Ba3 {0-1 (33) Halt,D (2096)-Schaefer,M (2166) Germany 2016}) 12... e6 13. d3 b5 14. Bb3 Nc5 $1 15. Qf2 a5 {[%emt 0:00:33] [#] Strongly threatening ...a4.} 16. a3 $1 Nxb3 17. cxb3 Qb6 18. Bd2 f5 $36 {[%emt 0:00:18][%mdl 2048] Black is pushing.} 19. exf5 gxf5 20. b4 a4 21. Qh4 Bb7 22. Rac1 Bd5 23. Ng3 (23. Ng1 $17) 23... Qb7 $19 24. Qh3 {[%emt 0:00:04][%mdl 8192] [#]} (24. Rf2 $17 {was the crucial defense.}) 24... Rac8 $2 (24... Rf6 $1 $19 {and Black stays clearly on top.} 25. Qh5 Bxg2+ 26. Kg1 Bxf1 27. Kxf1 Rh6) 25. Nh5 (25. Kg1 $17) 25... Rf7 (25... Rxc1 $19 26. Rxc1 Bh8) 26. Rxc8+ $15 Qxc8 27. Rc1 {[%emt 0:00:02] Inhibits Qc2.} Rc7 28. Rxc7 Qxc7 29. Qg3 Qf7 (29... Kf8 {feels hotter.} 30. Qh4 Bh8 31. Nf6 Bxg2+ 32. Kg1 Bc6) 30. Nxg7 Qxg7 31. Qxg7+ ({White should play} 31. Qh3 $15) 31... Kxg7 {[%emt 0:00:02][%mdl 4096] Endgame KB-KB} 32. Kg1 e5 33. Kf1 e4 34. Be1 Kf7 35. Bh4 Bb3 (35... exd3 $17 36. Ke1 Bxg2) 36. Bf2 $11 e3 37. Bh4 Bd1 {[%emt 0:00:11] Weighted Error Value: White=0.41/Black=0.48} (37... Bc2 $5 38. Ke2 $8 h6 $11) 1/2-1/2

[Event "Romanian Rapid Open 2022"]
[Site "Sebes"]
[Date "2022.12.02"]
[Round "2.10"]
[White "Craciun, Sasha-Matei"]
[Black "Dragomirescu, Robin-Alexandru"]
[Result "0-1"]
[ECO "B00"]
[WhiteElo "2001"]
[BlackElo "2337"]
[Annotator "TA"]
[PlyCount "86"]
[EventDate "2022.12.02"]
[EventType "rapid"]
[EventCountry "ROU"]
[SourceTitle "playchess.com"]
[Source "ChessBase"]
[SourceQuality "1"]
[TimeControl "600+5"]

1. e4 Nc6 2. d4 e5 3. dxe5 Nxe5 4. Be3 Nf6 5. Nc3 Bb4 6. Bd3 {[%emt 0:01:08] B00: Queen's Fianchetto Defence, Nimzowitsch Defence.} (6. Nf3 $11 {keeps the balance.} Qe7 7. Bd3) 6... d5 $17 {[%emt 0:00:32] [#]} 7. exd5 $146 (7. Nge2 $142) ({Predecessor:} 7. Nge2 dxe4 8. Bb5+ Bd7 9. Qd4 Qe7 10. O-O-O c6 11. Ba4 b5 12. Bb3 c5 13. Qd6 Qxd6 14. Rxd6 {0-1 (29) Dorst,K (1602)-Merettig,G (1692) Bad Bevensen 2010}) 7... Qxd5 ({And not} 7... Nxd5 8. Bd4 Nxd3+ 9. Qxd3 $15) 8. Nf3 {[%emt 0:02:14] Black is clearly better.} Bg4 {[%emt 0:00:37] Black is more active.} 9. Be2 Nxf3+ (9... Bxf3 $17 10. Bxf3 Nxf3+ 11. Qxf3 Ne4) 10. Bxf3 ({Better is} 10. gxf3 $15 Bf5 11. Qxd5 Nxd5 12. O-O-O Nxc3 13. bxc3 Bxc3 14. Rd5) 10... Bxf3 11. Qxf3 Qxf3 12. gxf3 O-O-O 13. O-O (13. a3 $17 {might work better.} Bxc3+ 14. bxc3) 13... Bxc3 $19 14. bxc3 Nd5 15. Bd4 b6 16. Rad1 (16. Kh1 $142) 16... c5 17. Be5 f6 18. c4 Nb4 19. c3 Nxa2 20. Ra1 fxe5 21. Rxa2 {[%emt 0:00:01][%mdl 4096] Endgame KRR-KRR} Rd7 22. Re1 Rf8 23. Rxe5 Rxf3 24. Rc2 Rf4 25. Re8+ Kb7 26. Rh8 h6 (26... Rxc4 $2 {loses.} 27. Rxh7 b5 28. Rb2 $19) 27. Re2 Rxc4 28. Re3 Rf4 29. Rg8 Kc6 30. Rg3 Rd1+ 31. Kg2 Rd2 ({Don't blunder} 31... g5 $2 32. Rf3 $19) 32. Rf3 $2 {[%emt 0:00:03] [#]} (32. R8xg7 Rfxf2+ 33. Kg1) 32... Rxf3 {Black is clearly winning.} 33. Kxf3 {[%emt 0:00:00] KR-KR} Rd7 34. c4 a6 {[%emt 0:00:10] And now ...b5 would win.} 35. Ke3 b5 36. Rc8+ Rc7 37. Ra8 Kb7 38. Re8 Rd7 39. Re5 Kb6 40. Re6+ Ka5 41. Rc6 bxc4 42. Rxc5+ Kb4 43. Rc6 a5 {[%emt 0:00:02] Weighted Error Value: White=0.67/Black=0.22 (precise)} 0-1

[Event "Romanian Rapid Open 2022"]
[Site "Sebes"]
[Date "2022.12.02"]
[Round "2.11"]
[White "Bulmaga, Irina"]
[Black "Ambru, Dan-Calin"]
[Result "1-0"]
[ECO "B30"]
[WhiteElo "2426"]
[BlackElo "1957"]
[Annotator "TA"]
[PlyCount "33"]
[EventDate "2022.12.02"]
[EventType "rapid"]
[EventCountry "ROU"]
[SourceTitle "playchess.com"]
[Source "ChessBase"]
[SourceQuality "1"]
[TimeControl "600+5"]

1. e4 c5 2. Nf3 Nc6 3. Nc3 Nf6 4. Bb5 Nd4 5. e5 Nxb5 6. Nxb5 Nd5 7. Ng5 f6 {[%emt 0:02:35] 7...f6 scores better than 7...f5.} 8. Ne4 {[%emt 0:00:08] B30: Sicilian: 2...Nc6 3 Bb5, lines without ...g6.} a6 (8... f5 $11 {feels stronger.} 9. Nec3 (9. Nxc5 $2 {loses.} Qb6 $19) 9... Nxc3 10. Nxc3 (10. dxc3 a6 $11) 10... d6) 9. Nbc3 $14 e6 {[%emt 0:01:05] [#]} (9... Nxc3 $14 10. dxc3 Qc7) 10. O-O $146 {[%emt 0:00:54] White is more active.} ({Better is} 10. Nxd5 exd5 11. exf6) ({Predecessor:} 10. Qh5+ g6 11. Qf3 fxe5 12. Nxd5 exd5 13. Nf6+ Kf7 14. Nxd5+ Kg7 15. h4 h5 16. d4 {1-0 (29) Nakamura,H (2466)-Mafra,K (2071) La Paz 2002}) 10... f5 $16 11. Nxd5 exd5 12. Nd6+ Bxd6 13. exd6 {[%emt 0:00:03] [#] And now Re1+ would win.} O-O 14. Qf3 Qb6 $2 (14... Qf6 $16 {is tougher.}) 15. Qxd5+ $18 Kh8 16. Re1 {[%emt 0:00:17] Hoping for b3.} Qc6 $2 {[%emt 0:00:32] [#] Prevents b3.} (16... Qd8 17. Re7 Re8 18. Qxc5 (18. Qxf5 Rxe7 19. dxe7 Qxe7 $14) 18... b5) 17. Qf7 $3 {[%emt 0:00:19][%mdl 512] Weighted Error Value: White=0.17 (very precise) /Black=0.82} 1-0

[Event "Romanian Rapid Open 2022"]
[Site "Sebes"]
[Date "2022.12.02"]
[Round "2.12"]
[White "Samu, Sorin-Mihai"]
[Black "Ghimpu, Samuel-Timotei"]
[Result "0-1"]
[ECO "B06"]
[WhiteElo "1955"]
[BlackElo "2455"]
[Annotator "TA"]
[PlyCount "76"]
[EventDate "2022.12.02"]
[EventType "rapid"]
[EventCountry "ROU"]
[SourceTitle "playchess.com"]
[Source "ChessBase"]
[SourceQuality "1"]
[TimeControl "600+5"]

1. e4 g6 2. d4 Bg7 3. c3 d6 4. Be3 Nf6 5. f3 Nbd7 6. Nd2 {[%emt 0:00:04] B06: Modern Defence.} e5 7. d5 O-O 8. Ne2 {[%emt 0:00:13] The position is equal.} c6 9. c4 {[%emt 0:00:21] [#]} Nh5 $146 ({Predecessor:} 9... a5 10. g4 Nc5 11. Ng3 h5 12. g5 Nh7 13. h4 a4 14. Rg1 Qa5 15. Qc2 Bd7 {0-1 (44) Kovacs,L-Todorcevic,M (2385) Val Thorens 1982}) 10. g4 (10. Nc3 {deserves consideration.}) 10... Nf4 $1 $11 11. Nxf4 exf4 12. Bxf4 Ne5 13. Be2 f5 14. exf5 gxf5 15. g5 {[%emt 0:00:01] [#]} (15. O-O $15) 15... Ng6 $1 $17 {[%emt 0:00:26] Black is more active.} 16. Be3 {[%emt 0:00:29] This costs White the game.} (16. Bg3 $17) 16... Re8 $19 (16... Bxb2 17. Rb1 Be5 18. h4 $17) ({Not} 16... f4 17. Bf2 $17) 17. Qb3 Qe7 ({And not} 17... f4 18. Bf2 $17) 18. dxc6 bxc6 {[%emt 0:01:55] Hoping for ...Nf4.} 19. Ne4 (19. O-O-O $142 Qxe3 20. Qxe3 Rxe3 21. Rhe1) 19... fxe4 20. f4 Bh3 21. Rb1 Rab8 22. Qa3 d5 {[%emt 0:00:15][%cal Bd6d5,Bd5d4][%mdl 32] [#] And now ...Qxa3 would win.} 23. Qxe7 Rxe7 24. Bc5 Rf7 25. Bh5 Rxb2 26. Rxb2 Bxb2 27. Kd2 d4 28. Rb1 Bc3+ 29. Kc2 Rxf4 {[%emt 0:00:04] Strongly threatening ...Rf2+.} 30. Rb8+ Kg7 {[%emt 0:00:03] Threatens to win with ...Rf2+.} 31. Rb7+ Rf7 32. Rxa7 Rxa7 33. Bxa7 e3 34. a4 Bf5+ 35. Kb3 Nf4 36. a5 Nxh5 {[%emt 0:03:47] Black mates.} 37. a6 Bc8 38. Kc2 Bxa6 {[%emt 0:00:00] Weighted Error Value: White=0.59/Black=0.03 (flawless)} 0-1

[Event "Romanian Rapid Open 2022"]
[Site "Sebes"]
[Date "2022.12.02"]
[Round "2.13"]
[White "Stoleriu, George"]
[Black "Ghita, Vlad-Bogdan"]
[Result "1-0"]
[ECO "B24"]
[WhiteElo "2389"]
[BlackElo "1938"]
[Annotator "TA"]
[PlyCount "73"]
[EventDate "2022.12.02"]
[EventType "rapid"]
[EventCountry "ROU"]
[SourceTitle "playchess.com"]
[Source "ChessBase"]
[SourceQuality "1"]
[TimeControl "600+5"]

1. e4 c5 2. Nc3 e6 3. f4 Nc6 4. Nf3 Nge7 5. g3 d5 6. d3 g6 7. Bg2 Bg7 8. O-O O-O 9. Bd2 Rb8 {[%emt 0:00:02] B24: Closed Sicilian: 3 g3 sidelines.} 10. Qe1 b5 11. Qf2 {[%emt 0:00:10] [#]} Qb6 $146 {[%emt 0:00:51] The position is equal.} ({Predecessor:} 11... b4 12. Nd1 dxe4 13. dxe4 Nd4 14. c3 bxc3 15. bxc3 Nxf3+ 16. Bxf3 Ba6 17. Re1 Qa5 {0-1 (41) Zoellner,R (1804)-Von Loehneysen,L (1980) Berlin 2006}) 12. Kh1 Nd4 13. Be3 $1 b4 14. Na4 Qb5 {[%emt 0:00:22] [#]} (14... Qc7 $11 {remains equal.}) 15. Nxc5 $1 $16 Nxf3 16. Bxf3 (16. Qxf3 $2 d4 17. Nxe6 Bxe6 $19) 16... Bxb2 17. Rab1 Bg7 18. Nb3 (18. a3 $16 a5 19. axb4) 18... dxe4 19. dxe4 Nc6 (19... Bb7 $11) 20. Nc5 (20. Bxa7 $6 Nxa7 21. Qxa7 e5 $15) (20. e5 $16) 20... Rd8 (20... e5 $11 {keeps the balance.}) 21. e5 {[%emt 0:00:18][%cal Oc2c4] [#] Strongly threatening c4!} Ne7 {[%emt 0:00:36] Inhibits c4.} 22. Ne4 Nd5 (22... Bb7 $14) 23. Nd6 Qa5 24. Bxa7 {[%emt 0:00:12] White is much more active.} Ra8 25. Bd4 $36 {[%emt 0:00:02][%cal Oa2a3][%mdl 2048] Threatens to win with a3! White is on the roll.} Ba6 {[%emt 0:00:28] Against a3} 26. Rfd1 Rab8 {[%emt 0:01:18] Against a3} 27. Ba7 ({White should try} 27. Rb3 $18) 27... Nc3 28. Bxb8 Nxd1 $2 {[%emt 0:00:03] This costs Black the game.} (28... Rxb8 $16 {is a better defense.} 29. Nxf7 (29. Qa7 Rf8 $16) 29... Bb7) 29. Rxd1 $18 (29. Qa7 b3 30. Rxb3 (30. Rxd1 bxc2 31. Rg1 Qc3 $17) (30. Bxd1 $2 {too greedy.} Rxd6 31. Bf3 bxc2 $19) 30... Qd2 $18) 29... Rxb8 30. Qa7 $1 Rf8 31. Be2 Qxa2 32. Qxa6 Qxc2 33. Qc4 Qb2 34. Bd3 Ra8 35. Qc6 Ra2 (35... Rf8 $18 36. Be4 Qe2) 36. Qe8+ Bf8 37. Qxf7+ {[%emt 0:00:02] Weighted Error Value: White=0.16 (very precise) /Black=0.54} 1-0

[Event "Romanian Rapid Open 2022"]
[Site "Sebes"]
[Date "2022.12.02"]
[Round "2.14"]
[White "Matasaru, Stephanie"]
[Black "Soltanici, Ruslan"]
[Result "0-1"]
[ECO "B81"]
[WhiteElo "1975"]
[BlackElo "2357"]
[Annotator "TA"]
[PlyCount "164"]
[EventDate "2022.12.02"]
[EventType "rapid"]
[EventCountry "ROU"]
[SourceTitle "playchess.com"]
[Source "ChessBase"]
[SourceQuality "1"]
[TimeControl "600+5"]

1. e4 c5 2. Nf3 d6 3. d4 cxd4 4. Nxd4 Nf6 5. Nc3 a6 6. Be3 e6 7. g4 b5 8. g5 Nfd7 9. h4 {[%emt 0:01:11] B81: Sicilian Scheveningen: Keres Attack.} Bb7 10. Bg2 Nb6 {[%emt 0:01:13] [#]} 11. Qh5 $146 {[%emt 0:01:57] White is slightly better.} ({Predecessor:} 11. h5 b4 12. Nce2 N8d7 13. g6 hxg6 14. hxg6 Rxh1+ 15. Bxh1 Qh4 16. gxf7+ Kxf7 17. Ng3 {0-1 (34) Radzimski,A (1627)-Zylka,S (2378) Bohumin 2022}) 11... g6 12. Qg4 (12. Qf3 {with more complications.} Bg7 13. O-O-O N8d7 14. Kb1) 12... b4 {[%emt 0:00:28] Inhibits h5.} 13. Nce2 e5 {[%emt 0:00:01] [#]} (13... Nc4 $11) 14. Nb3 (14. Ne6 $1 $14 fxe6 15. h5 (15. Qxe6+ Be7 $17) 15... gxh5 16. Qxe6+ Qe7 17. Qxe7+ Bxe7 18. Bxb6) 14... Nc4 $11 15. O-O-O Nd7 16. h5 Rg8 17. hxg6 hxg6 18. Qg3 Be7 19. Rh7 (19. f4 $15) 19... Qc7 (19... Nxe3 $19 20. fxe3 Nf8) 20. Kb1 a5 21. f4 (21. Qf3 $17 Rf8 22. Nd2) 21... Rc8 22. Rc1 Ba6 23. fxe5 dxe5 (23... Nxe3 24. exd6 Qxd6 25. Qxe3 $11) 24. Qf2 Rf8 {[%emt 0:00:05] White must now prevent ...a4.} 25. Ng3 $2 (25. Bh3) 25... a4 (25... Nxe3 $142 26. Qxe3 a4) 26. Nd2 $2 {[%emt 0:00:03] [#]} (26. Bf1) 26... Na3+ $1 $19 27. bxa3 bxa3 $2 (27... Qc3 28. Nf5 gxf5) 28. c4 Qb7+ $2 (28... Rb8+ $1 $19 29. Kc2 (29. Ka1 $2 Rb2 $17) 29... Nc5 30. Bxc5 Bxc5) 29. Kc2 $1 $11 {[%emt 0:00:02] Kd1 is the strong threat.} Qb2+ $1 30. Kd1 {[%emt 0:00:03] Strongly threatening Bh3.} Qxa2 31. c5 (31. Bf1 $1 $11) 31... Qb2 $19 32. c6 {[%emt 0:00:16] [#]} (32. Rc2 Qa1+ 33. Rc1) 32... Nb8 $2 (32... Nc5 $1 33. Rb1 (33. Bxc5 a2) 33... Nd3 34. Rxb2 Nxb2+ 35. Ke1 Rxc6) 33. Bh3 $2 {[%emt 0:00:33] [#]} (33. Rc2 Qb4 34. Bf1 (34. c7 $2 Bd3 $19) 34... Rxc6 35. Ra2 (35. Rxc6 $2 Nxc6 36. Bxa6 a2 $19)) 33... a2 $1 34. Bd7+ (34. Bxc8 Qxc1+) 34... Nxd7 35. cxd7+ Kxd7 36. Nc4 Bxc4 $4 (36... a1=R 37. Nxb2 Rcxc1+ 38. Bxc1 $18) (36... Qb3+ $19 37. Ke1 Bb4+ 38. Bd2 Qxc4 39. Rxc4 a1=Q+ 40. Ke2 Bxc4+ 41. Kf3 Qd1+ 42. Kg2 Qxd2 43. Qxd2+ Bxd2) 37. Qxb2 $18 Bb3+ 38. Ke1 Bb4+ 39. Kf2 Rxc1 40. Qxc1 Rc8 41. Qa1 $2 (41. Qf1 $18) 41... Bc3 $11 {[%emt 0:00:02] This pair of bishops is nice.} 42. Qh1 (42. Rxf7+ $2 Bxf7 43. Qf1 Rc6 $19) (42. Qf1 $11 a1=Q 43. Qb5+ Rc6 44. Qb7+ Rc7 45. Qb5+ Rc6 46. Qb7+ Rc7 47. Qb5+ Rc6) 42... a1=Q $19 {[%emt 0:00:02] Threatens to win with ...a3.} (42... a1=B 43. Qh3+ Kc7 44. Bb6+ $1 Kb8 45. Ne2 Bd4+ 46. Nxd4 Bxd4+ 47. Bxd4 exd4 48. Qd7 $18) 43. Qh3+ Kc7 44. Ne2 Bd4 $2 (44... Qe1+ $19 45. Kf3 Rd8) 45. Bxd4 $4 (45. Nxd4 $16 {is forced if you want to stay better.} Qb2+ 46. Kg3 (46. Ne2 Bc4 $15)) 45... exd4 {[%emt 0:00:01] Chess con chili.} 46. Qg3+ Kd7 $2 ({Better is} 46... Kb7 $19 47. Qe5 (47. Qd6 $2 Bc4 $19) 47... Bc4 48. Nxd4 a3) 47. Qe5 $2 (47. Qh3+ $11 {and White has nothing to worry.} Kc7 48. Rh8) 47... Rc2 $2 (47... Bc4 $19 48. Rh3 Bxe2 49. Qd5+ Kc7 50. Kxe2 Qb2+ 51. Ke1 Kb6 52. Qd6+ Ka5 53. Qd5+ Ka6 54. Qd6+ Qb6 55. Qxb6+ Kxb6) 48. Qb5+ $11 Kc7 49. Qe5+ Kb6 (49... Kc6 $5 50. Qe8+ $8 Kc7 51. Qe7+ Kb6 52. Qd6+ Kb7 53. Qe7+ Kc6 54. Qe8+ Kd6 55. Qd8+ Ke6 56. Qe8+ Kd6 57. Qd8+ Ke6 58. Qe8+ Kd6 $11) 50. Qd6+ Kb5 51. Qb8+ (51. Rh8 Rxe2+ $1 52. Kxe2 Bc4+ 53. Kf3 Qf1+ 54. Kg3 Qg1+ 55. Kf3 (55. Kf4 Qe3+ 56. Ke5 Qg3+ 57. Kxd4 Qxd6+ 58. Ke3 Qg3+ 59. Kd4 Qg1+ 60. Ke5 Qxg5+ 61. Kd4 Qc5+ 62. Kc3 Qe3+ 63. Kb2 Qd2+ 64. Kb1 Bd3+ 65. Ka1 Qc1+ 66. Ka2 Bc4#) 55... Qe3+ 56. Kg2 Qxe4+ 57. Kh2 Qe2+ 58. Kh1 Qf3+ 59. Kg1 Qe3+ 60. Kh2 Qf2+ 61. Kh1 Qe1+ 62. Kh2 Qd2+ 63. Kh1 Be6 64. Rb8+ Kc4 65. Qc6+ Kd3 66. Qf3+ Qe3 67. Qd1+ Ke4 68. Qc2+ Kf4 69. Qh2+ Kxg5 70. Rb5+ Kg4 $19) 51... Kc4 52. Qc8+ $2 (52. Qc7+ $11 Kb4 53. Qd6+ Ka5 54. Qd8+ Kb5 55. Qb8+ Kc4 56. Qc7+ Kb4 57. Qd6+ Kb5 58. Qb8+ (58. Rh8 $2 Rxe2+ 59. Kxe2 Qd1+ 60. Kf2 Qd2+ 61. Kf1 Qc1+ 62. Kf2 Qd2+ 63. Kf1 Qd3+ 64. Kg2 Qxe4+ 65. Kg1 Qe3+ 66. Kh2 Qd2+ 67. Kh1 Be6 $19)) 52... Kb4 $2 (52... Kd3 $1 $19 53. Qg4 Rd2) 53. Qf8+ Rc5 54. Qb8+ $1 Kc4 {[%emt 0:00:00] aiming for ...d3.} 55. Rxf7 $2 {[%emt 0:00:11][%mdl 8192] White is on the road to losing.} (55. Qb6 $11) 55... d3 $19 (55... Rxg5 $2 56. Rd7 Rh5 57. Qd6 $18 (57. Rxd4+ Qxd4+ 58. Nxd4 Kxd4 $11)) 56. Nf4 Qd4+ (56... Rxg5 57. Qc8+ Rc5 58. Qe6+ Kb4 59. Rb7+ Ka3 60. Rxb3+ $1 axb3 61. Qa6+ Kb2 62. Nxd3+ Kc3 63. Qxa1+ $18) 57. Kg3 Qe3+ (57... d2 $142 58. Nh3 d1=Q 59. Qf4 Kb4 60. Rf6 Rc3+ 61. Kg2 Rxh3 $1 62. Rb6+ Qxb6 63. Qf8+ Kc3 64. Qc8+ Kb2 65. Qh8+ Rxh8 66. Kg3 Qe3+ 67. Kg2 Qh1#) 58. Kg4 Bd1+ 59. Kh4 Qf2+ (59... Qe1+ $142 60. Kh3 Qh1+ 61. Kg3 Rxg5+ 62. Kf2 Qg1#) 60. Kh3 Qf3+ 61. Kh2 Qxe4 62. Qb1 (62. Ng2 $142 Rb5 63. Qc8+ Rc5 64. Qb8) 62... Bc2 63. Qa2+ Kb4 64. Qb2+ Bb3 65. Qd2+ Kc4 (65... Ka3 $142 66. Nxd3 Rc2 67. Qxc2 Bxc2) 66. Qc1+ Bc2 (66... Kb5 $142 67. Rb7+ Qxb7) 67. Qd2 Qe5 {[%emt 0:00:06] Hoping for ...a3.} 68. Rf6 Qxg5 69. Re6 Qh6+ 70. Kg1 Rg5+ 71. Ng2 {[%emt 0:00:01] [#]} Qh3 $2 (71... Rxg2+ $1 {mates} 72. Qxg2 Qc1+ 73. Kh2 Qf4+ 74. Kh3 Qf5+ 75. Qg4+ Qxg4+ 76. Kxg4 d2 77. Kg5 d1=Q 78. Re7 a3 79. Rc7+ Kb5 80. Rb7+ Ka6 81. Re7 a2 82. Re6+ Kb5 83. Re5+ Kc4 84. Re8 Qd2+ 85. Kf6 a1=Q+ 86. Kf7 Qd7+ 87. Re7 Qf1+ 88. Kg7 Qxe7+ 89. Kh8 Qff8#) 72. Qxg5 $4 (72. Qf4+ $11 Kb3 73. Rb6+ Ka2 74. Qxg5) 72... Qxe6 $11 {[%emt 0:00:03][%mdl 4096] Endgame KQB-KQN} 73. Qf4+ Kb3 {[%emt 0:00:02] ( -> ...Qe2)} 74. Qb8+ Ka2 {[%emt 0:00:02] Black mates.} 75. Qb4 a3 76. Qc3 g5 77. Qd2 Qb6+ 78. Kh2 Kb2 79. Ne3 Qc7+ 80. Kg2 a2 81. Nd1+ Kb3 82. Qc1 Qe5 {[%emt 0:00:01] Weighted Error Value: White=1.48/Black=0.90} 0-1